 Dungeon Crawl Stone Soup version 0.29.0-15-g675c0067aa (webtiles) character file.

Game seed: 9375704068410616202

4939 Tsarbomb the Basher (level 10, -14/61 HPs)
             Began as a Gargoyle Fighter on Sept 12, 2022.
             Was a High Priest of Okawaru.
             Demolished by a boulder beetle (18 damage)
             ... on level 9 of the Dungeon.
             The game lasted 00:20:12 (10192 turns).

Tsarbomb the Basher (Gargoyle Fighter)             Turns: 10192, Time: 00:20:12

Health: -14/61     AC: 26    Str: 21    XL:     10   Next: 52%
Magic:  13/13      EV:  7    Int: 10    God:    Okawaru [*****.]
Gold:   360        SH:  4    Dex: 12    Spells: 9/9 levels left

rFire   + . .      SeeInvis .   y - +3 whip "Tarym" {protect, rPois rN+ Int+2}
rCold   . . .      Faith    .   c - +0 buckler
rNeg    + + +      Spirit   .   m - +0 chain mail
rPois   ∞          Reflect  .   a - +0 helmet
rElec   +          Harm     .   e - +2 ratskin cloak {*Rats rPois rN+ Str-1 Int-1 Dex+1}
rCorr   .          Rampage  .   v - +0 pair of gloves
Will    .....                   u - +2 pair of boots {Fly}
Stlth   ..........              (no amulet)
HPRegen 0.20/turn               h - ring of protection from fire
MPRegen 0.13/turn               (no ring)

@: flying
A: sickness immunity, AC +7, negative energy resistance 1, electricity
resistance, torment resistance 1, petrification resistance
a: Renounce Religion, Heroism, Finesse, Duel


You were on level 9 of the Dungeon.
You worshipped Okawaru.
Okawaru was extremely pleased with you.
You visited 2 branches of the dungeon, and saw 10 of its levels.

You collected 360 gold pieces.

Inventory:

Hand Weapons
 x - a +2 flail of draining
 y - the +3 whip "Tarym" (weapon) {protect, rPois rN+ Int+2}
   (You found it on level 6 of the Dungeon)

   It grants its wielder temporary protection when it strikes (+7 to AC).
   Int:       It affects your intelligence (+2).
   rPois:     It protects you from poison.
   rN:        It protects you from negative energy.
 I - a +4 flail of freezing
Missiles
 z - a throwing net (quivered)
Armour
 a - a +0 helmet (worn)
 b - a +0 scale mail
 c - a +0 buckler (worn)
 e - the +2 ratskin cloak (worn) {*Rats rPois rN+ Str-1 Int-1 Dex+1}
   (You found it on level 7 of the Dungeon)

   When the wearer is hurt, rats may emerge from it to assist them.
   Str:       It affects your strength (-1).
   Int:       It affects your intelligence (-1).
   Dex:       It affects your dexterity (+1).
   rPois:     It protects you from poison.
   rN:        It protects you from negative energy.
 m - a +0 chain mail (worn)
 u - a +2 pair of boots of flying (worn)
 v - a +0 pair of gloves (worn)
 D - a +1 cloak
Jewellery
 h - a ring of protection from fire (left hand)
 K - an amulet of guardian spirit
Wands
 n - a wand of roots (18)
 r - a wand of flame (3)
 J - a wand of mindburst (22)
Scrolls
 k - a scroll of acquirement {unknown}
 l - 6 scrolls of identify
 o - 3 scrolls of butterflies {unknown}
 p - 2 scrolls of teleportation {unknown}
 q - 3 scrolls of magic mapping {unknown}
 t - a scroll of fear {unknown}
 w - a scroll of immolation {unknown}
 A - a scroll of brand weapon {unknown}
 B - 2 scrolls of vulnerability {unknown}
 C - a scroll of amnesia {unknown}
 E - a scroll of enchant armour {unknown}
 H - a scroll of noise {unknown}
Potions
 d - a potion of might
 f - a potion of resistance
 g - 3 potions of degeneration {unknown}
 i - 3 potions of curing {unknown}
 j - a potion of attraction {unknown}
 s - 3 potions of flight {unknown}
 F - a potion of lignification {unknown}
 G - a potion of heal wounds


   Skills:
 + Level 6.4 Fighting
 - Level 12.0 Maces & Flails
 + Level 6.4 Armour
 - Level 3.2 Shields
 * Level 4.4 Translocations
 - Level 4.0 Invocations


You had 9 spell levels left.
You didn't know any spells.
Your spell library contained the following spells:

 Spells                   Type           Power      Damage    Failure   Level
 Apportation              Tloc           16%        N/A       54%         1
 Blink                    Tloc           16%        N/A       69%         2
 Lesser Beckoning         Tloc           8%         N/A       89%         3
 Necrotise                Necr           0%         1d4       99%         1
 Ensorcelled Hibernation  Hex/Ice        0%         N/A       99%         2
 Passwall                 Tmut/Erth      0%         N/A       99%         2
 Static Discharge         Conj/Air       0%         3-3/arc   99%         2
 Wereblood                Tmut           0%         N/A       99%         2
 Frozen Ramparts          Ice            0%         1d1       100%        3
 Ignite Poison            Fire/Tmut/Pois 0%         N/A       100%        3
 Swiftness                Air            0%         N/A       100%        3
 Corpse Rot               Necr/Pois/Air  0%         N/A       100%        4
 Dispel Undead            Necr           0%         3d6       100%        4
 Ice Form                 Ice/Tmut       0%         N/A       100%        4
 Sticky Flame             Conj/Fire      0%         2d3       100%        4
 Manifold Assault         Tloc           8%         N/A       100%        5
 Summon Small Mammal      Summ           Unusable   N/A       N/A         1
 Summon Ice Beast         Ice/Summ       Unusable   N/A       N/A         4
 Statue Form              Tmut/Erth      Unusable   N/A       N/A         6

Dungeon Overview and Level Annotations

Branches:
Dungeon (9/15)             Temple (1/1) D:5            Lair (0/5) D:8
    Orc: D:9-12

Altars:
Cheibriados
Dithmenos
Hepliaklqana
Nemelex Xobeh
Okawaru
Qazlal
Ru
Sif Muna
Uskayaw
Vehumet
Xom
Zin

Shops:
D:8 *

Annotations:
D:4 1 runed translucent door, Crazy Yiuf
D:8 1 runed translucent door, freelancePsychic's ghost, novice MeEE


Innate Abilities, Weirdness & Mutations

You are immune to sickness and miasma.
Your stone body is resilient. (AC +7)
You are immune to poison.
You resist negative energy. (rN+)
You are resistant to electric shocks. (rElec)
You are resistant to unholy torment.
You are immune to petrification.


Message History

The boulder beetle bites you!
The boulder beetle attacks as you move away!
The boulder beetle bites you.
The boulder beetle leaps!
You block the boulder beetle's attack.
The boulder beetle leaps!
The boulder beetle bites you but does no damage.
The boulder beetle curls into a ball and begins rolling!
There is an open door here.
You see here a bullfrog corpse.
Unknown command.
The boulder beetle hits you.
The boulder beetle stops rolling and uncurls.
There is a stone staircase leading down here.
Found 6 stones.
The boulder beetle leaps!
You hear the faint creaking of a very distant portcullis.
Found a chain mail.
Found a sling.
The boulder beetle leaps!
The boulder beetle curls into a ball and begins rolling!
As you open the door, it creaks loudly!
You hear a shout! x4
A kobold and a centaur come into view.
The kobold shouts!
The centaur shouts!
You hear a shout!
The centaur wields a +0 shortbow.
The centaur shoots an arrow.
The arrow hits you but does no damage.
An orc priest comes into view. It is wielding a +0 dagger.
The centaur shoots an arrow.
The arrow barely misses you.
The kobold moves out of view.
There is an open door here.
The orc priest shouts!
The centaur shoots an arrow.
The arrow hits you. The boulder beetle hits you!!!
Ouch! That really hurt!
* * * LOW HITPOINT WARNING * * *
The boulder beetle stops rolling and uncurls.
You hear a shout! x2
The boulder beetle attacks as you move away!
The boulder beetle bites you but does no damage.
The centaur shoots an arrow.
The arrow barely misses you.
The boulder beetle attacks as you move away!
The boulder beetle bites you!!
You die...

.. .# #. ... #. ..# ..
#.#### ..# ##'###....###..#
......o..K.....#
......c........#####
.#####°#...........
#....°#..B@....... .....#
#....°#........... .....#
#.....##############....#
####.........(........#....#
#.....)...............#....#
...........##+##......#....#
...........# #.(...>#....###
.......[...# #.....B'.......
........°..# #......#.......


You could see a boulder beetle, a centaur, an orc priest and a kobold.

Vanquished Creatures
  Pikel (D:8)
  2 wyverns
  3 yaks (D:8)
  A steam dragon (D:6)
  2 wargs (D:8)
  A water moccasin (D:6)
  Duvessa (D:6)
  An orc warrior (D:8)
  An ice beast (D:6)
  3 centaurs
  A lemure (D:8)
  2 kobold brigands
  A necrophage (D:5)
  5 bullfrogs
  3 scorpions
  7 wights (D:8)
  Dowan (D:6)
  3 killer bees (D:9)
  4 howler monkeys
  2 jellies
  An orc priest (D:5)
  3 hounds
  4 gnoll boudas
  An iguana (D:5)
  Terence (D:2)
  2 hell rats (D:7)
  Ijyb (D:3)
  Natasha (thrice) (D:2)
  9 orc wizards
  22 gnolls
  10 adders
  21 river rats
  2 ufetubi (D:6)
  5 worms (D:4)
  A dart slug (D:5)
  18 orcs
  6 ball pythons
  6 endoplasms
  4 giant cockroaches
  7 goblins
  9 hobgoblins
  4 jackals (D:3)
  14 kobolds
  3 quokkas
  2 bats
  2 frilled lizards (D:2)
  10 rats
216 creatures vanquished.

Vanquished Creatures (others)
  7 plants
  2 withered plants (D:8)
9 creatures vanquished.

Grand Total: 225 creatures vanquished

Notes
Turn   | Place    | Note
-------+----------+-------------------------------------------
     0 | D:1      | Tsarbomb the Gargoyle Fighter began the quest for the Orb.
     0 | D:1      | Reached XP level 1. HP: 14/14 MP: 1/1
   266 | D:1      | Reached XP level 2. HP: 19/19 MP: 2/2
   314 | D:1      | Reached skill level 3 in Maces & Flails
   549 | D:1      | Reached XP level 3. HP: 23/23 MP: 3/3
   712 | D:2      | Noticed Terence
   720 | D:2      | Killed Terence
   721 | D:2      | Reached skill level 4 in Maces & Flails
   788 | D:2      | Reached XP level 4. HP: 25/28 MP: 4/4
   872 | D:2      | Noticed Natasha
   878 | D:2      | Killed Natasha
   944 | D:2      | Noticed Natasha
   951 | D:2      | Killed Natasha
  1015 | D:2      | Reached skill level 5 in Maces & Flails
  1296 | D:2      | Noticed Natasha
  1302 | D:2      | Reached XP level 5. HP: 24/32 MP: 5/5
  1307 | D:2      | Killed Natasha
  1642 | D:2      | Found an iron altar of Okawaru.
  1649 | D:2      | Became a worshipper of Warmaster Okawaru
  1871 | D:3      | Found a shimmering altar of Xom.
  2030 | D:3      | Found a shimmering blue altar of Sif Muna.
  2272 | D:3      | Found a faded altar of an unknown god.
  2316 | D:3      | Noticed Ijyb
  2325 | D:3      | Killed Ijyb
  2491 | D:3      | Found a shadowy altar of Dithmenos.
  2491 | D:3      | Found a stormy altar of Qazlal.
  2492 | D:3      | Found a sacrificial altar of Ru.
  2859 | D:4      | Reached skill level 6 in Maces & Flails
  2859 | D:4      | Reached XP level 6. HP: 35/37 MP: 6/6
  2918 | D:4      | Found a runed translucent door.
  2919 | D:4      | Noticed Crazy Yiuf
  3484 | D:4      | Reached skill level 7 in Maces & Flails
  3969 | D:5      | Entered Level 5 of the Dungeon
  4190 | D:5      | Reached XP level 7. HP: 41/41 MP: 7/7
  4207 | D:5      | Found a staircase to the Ecumenical Temple.
  4331 | Temple   | Entered the Ecumenical Temple
  4473 | Temple   | Reached * piety under Okawaru
  4637 | D:5      | Reached skill level 8 in Maces & Flails
  4971 | D:5      | Found a radiant altar of Vehumet.
  5310 | D:5      | Reached skill level 1 in Translocations
  5469 | D:5      | Reached XP level 8. HP: 46/46 MP: 8/8
  5662 | D:6      | Reached ** piety under Okawaru
  5663 | D:6      | Reached skill level 9 in Maces & Flails
  5709 | D:6      | Noticed Duvessa
  5709 | D:6      | Noticed Dowan
  5732 | D:6      | Killed Duvessa
  5736 | D:6      | Killed Dowan
  5795 | D:6      | Reached skill level 1 in Invocations
  6033 | D:6      | Identified the +3 whip "Tarym" {protect, rPois rN+ Int+2}
  6182 | D:6      | Reached skill level 10 in Maces & Flails
  6237 | D:6      | Found a sparkling altar of Nemelex Xobeh.
  7313 | D:7      | Reached XP level 9. HP: 45/52 MP: 10/10
  7367 | D:7      | Reached *** piety under Okawaru
  7429 | D:7      | Found the +2 ratskin cloak {*Rats rPois rN+ Str-1 Int-1
                  | Dex+1}
  8208 | D:7      | Found a snail-covered altar of Cheibriados.
  8365 | D:7      | Got the Tome of Transmogrification and the Spider
  8650 | D:8      | Found Zin's Purification Station.
  8650 | D:8      | Found a glowing silver altar of Zin.
  8798 | D:8      | Found a runed translucent door.
  8799 | D:8      | Noticed freelancePsychic's ghost (novice MeEE)
  8970 | D:8      | Reached skill level 11 in Maces & Flails
  9041 | D:8      | Reached skill level 5 in Fighting
  9041 | D:8      | Reached skill level 5 in Armour
  9261 | D:8      | Reached **** piety under Okawaru
  9345 | D:8      | Reached XP level 10. HP: 54/59 MP: 13/13
  9536 | D:8      | Noticed Pikel
  9591 | D:8      | Killed Pikel
  9622 | D:8      | Reached ***** piety under Okawaru
  9642 | D:8      | Reached skill level 12 in Maces & Flails
  9652 | D:8      | Found a staircase to the Lair.
 10138 | D:9      | Noticed a boulder beetle
 10188 | D:9      | HP: 3/61 [boulder beetle (41)]
 10192 | D:9      | Demolished by a boulder beetle

Illustrated notes

Levels and vault maps discovered:
D:1:      doesnt_arrival_eight_statues, layout_rooms, amethyst_killhole,
          nicolae_grassy_gnolls
D:2:      layout_basic, basic_altar, uniq_terence, uniq_natasha
D:3:      layout_loops_ring, nicolae_overflow_hidden_temple, tgw_xom,
          gammafunk_temple_overflow_claw, dreamdust_ecumenical_altar_grove,
          grunt_ministairs_14, minmay_misc_feat_ornament, minivault_14,
          uniq_ijyb
D:4:      layout_loops_ring, nicolae_wu_jian_glorious_leap,
          lightli_sewer_entry_pipes, minmay_misc_feat_tiny,
          roderic_nine_men_s_morris, uniq_crazy_yiuf_cottage
D:5:      layout_gridville, mainiacjoe_overflow_cross_hatched,
          minmay_temple_entry_wispy, abandoned_shop
D:6:      minmay_evil_eye, layout_layer_cave, nemelex_xobeh_ov_fountains_minmay,
          uniq_duvessa
D:7:      wander_guarded_unrand_ratskin, layout_gridville,
          mainiacjoe_overflow_paths
D:8:      layout_basic, zin_purify, erik_lair_orcish_takeover,
          gammafunk_ghost_grave, serial_bayou_ford_a, uniq_pikel
D:9:      minmay_cornered_nines, layout_irregular_city,
          mainiacjoe_overflow_concentric_impassable, orc_0_dummy,
          enter_bailey_4, kennysheep_another_room, nicolae_figureground_sparkle
Temple:   hellmonk_temple_of_storms

Skill      XL: |  1  2  3  4  5  6  7  8  9 10 |
---------------+-------------------------------+-----
Maces & Flails | 3 4 5 6 7 8 10 11 12 | 12.0
Translocations | 1 2 3 4 |  4.4
Invocations    | 2 4 |  4.0
Armour         | 5 6 |  6.4
Fighting       | 5 6 |  6.4
Shields        | |  3.2

Action                   |  1- 3 |  4- 6 |  7- 9 | 10-12 || total
-------------------------+-------+-------+-------+-------++-------
Melee: Flail             |    60 |   219 |   145 |       ||   424
       Whip              |       |       |   483 |   226 ||   709
Invok: Heroism           |       |       |     2 |     1 ||     3
       Finesse           |       |       |       |     1 ||     1
  Use: Potion            |       |     2 |     1 |       ||     3
       Scroll            |       |     2 |       |       ||     2
Armor: Scale mail        |    38 |    20 |       |       ||    58
       Chain mail        |       |   126 |   323 |   115 ||   564
Dodge: Dodged            |    29 |    80 |   147 |    54 ||   310
Block: Buckler           |     6 |    40 |   111 |    38 ||   195
